[Event "European Blitz-ch 2018"]
[Site "Skopje"]
[Date "2018.12.06"]
[Round "10"]
[White "Saraci, Nderim"]
[Black "Papasimakopoulos, Alexandros"]
[Result "1-0"]
[ECO "C06"]
[WhiteElo "2382"]
[BlackElo "2191"]
[PlyCount "147"]
[EventDate "2018.12.06"]
[EventType "swiss"]
[EventCountry "MKD"]
[TimeControl "180+2"]

1. e4 e6 2. d4 d5 3. Nd2 Nf6 4. e5 Nfd7 5. Bd3 c5 6. c3 Nc6 7. Ne2 cxd4 8. cxd4 f6 9. Nf4 Nxd4 10. Qh5+ Ke7 11. Ng6+ hxg6 12. exf6+ Nxf6 13. Qxh8 Kf7 14. O-O e5 15. Nb3 Nxb3 16. axb3 Bf5 17. Bxf5 gxf5 18. Qh3 g6 19. Bg5 Be7 20. Rfd1 d4 21. Rac1 Qd6 22. Qd3 Rd8 23. h3 Kg7 24. Qb5 Rd7 25. Rc8 a6 26. Qc4 Qd5 27. Bxf6+ Kxf6 28. Qc1 Qxb3 29. Rf1 d3 30. Qd2 Kg7 31. Rc3 Qd5 32. Rc8 a5 33. Rd1 e4 34. Qc3+ Bf6 35. Qa3 Be7 36. Qc3+ Bf6 37. Qa3 Qd6 38. Qxa5 d2 39. Rc2 Bg5 40. Qc3+ Kh7 41. Qc5 Qxc5 42. Rxc5 Kg7 43. Kf1 Bh6 44. Ke2 Kf7 45. Rc3 Bg5 46. g3 Ke6 47. Rb3 Kf7 48. h4 Bh6 49. Rc3 Ke6 50. Rc4 b5 51. Rc6+ Kf7 52. Rc5 Rb7 53. Ra1 b4 54. Rd1 Ke6 55. Rc6+ Kf7 56. g4 fxg4 57. Rc4 e3 58. fxe3 Re7 59. Kxd2 Rxe3 60. Rf1+ Ke6 61. Kd1 Rh3 62. Rxg4 Kd5 63. Kc2 b3+ 64. Kd1 Rh2 65. Rxg6 Be3 66. Rg4 Rxb2 67. Rf5+ Ke6 68. Rb5 Rd2+ 69. Ke1 Rd3 70. Ke2 Rc3 71. Re4+ Kd6 72. Rxe3 Rc2+ 73. Kf3 b2 74. Reb3 {[%emt 0:00:01] Kd5 [%clk 0:00:00] Ke4+ [%clk 0:00:00]} 1-0